Map: Dusk Towers

Players

Lightmator - Winner!

  • Race: Zerg Zerg
  • League: Silver

zelderan

  • Race: Zerg Zerg
  • League: Gold

VOD

Have the link to the VOD?

Description

Time

  • Played on: Nov. 12, 2015, 3:56 p.m.
  • Length: 13:29
Show
View Real Time Build Order
Export as new Build Order

Lightmator Zerg - Winner!

Build Orders: Hatch First, Lurkers 

Get SALT Encoding   

  12  0:02  Drone  
  13  0:10  Drone  
  14  0:19  Extractor  
  13  0:21  Drone  
  13  0:27  Extractor x2  
  13  0:33  Drone  
  13  0:34  Overlord  
  16  0:57  Drone  
  17  0:58  Hatchery  
  16  1:13  Spawning Pool  
  16  1:15  Drone  
  16  1:21  Drone  
  16  1:25  Drone, Extractor  
  17  1:28  Drone  
  18  1:37  Drone  
  19  1:48  Overlord  
  19  2:01  Zergling x2, Queen  
  22  2:09  Zergling x2  
  22  2:11  Zergling x2  
  22  2:12  Queen  
  26  2:20  Zergling x2  
  27  2:29  Zergling x2  
  28  2:34  Metabolic Boost  
  28  2:35  Drone  
  28  2:51  Hatchery  
  28  2:57  Zergling x2  
  28  3:02  Zergling x4  
  30  3:07  Zergling x2  
  30  3:08  Zergling x2  
  30  3:10  Zergling x2  
  31  3:16  Zergling x2  
  31  3:17  Zergling x2  
  32  3:21  Drone  
  33  3:31  Drone  
  33  3:32  Baneling Nest  
  33  3:37  Drone x2  
  33  3:39  Drone  
  36  3:47  Overlord  
  36  3:56  Overlord  
  36  4:06  Zergling x2  
  35  4:15  Zergling x4  
  35  4:16  Zergling x2  
  35  4:18  Zergling x2  
  35  4:19  Zergling x6  
  38  4:27  Drone  
  38  4:28  Drone  
  40  4:35  Zergling x2  
  40  4:37  Baneling x2  
  38  4:42  Baneling x2  
  38  4:43  Drone  
  38  4:44  Drone  
  38  4:45  Drone x2  
  42  4:46  Drone  
  43  4:56  Zergling x2  
  43  4:57  Zergling x2  
  43  5:05  Queen  
  45  5:07  Zergling x2  
  45  5:10  Lair  
  45  5:11  Extractor  
  43  5:18  Drone x2  
  43  5:20  Drone x2  
  43  5:21  Drone  
  48  5:23  Zergling x2  
  48  5:24  Zergling x2  
  50  5:37  Zergling x6  
  50  5:41  Drone  
  50  5:42  Drone x4  
  58  5:47  Overlord x2  
  58  5:48  Overlord  
  58  5:56  Overlord  
  58  5:59  Overlord  
  58  6:04  Baneling  
  58  6:05  Baneling x2  
  58  6:07  Baneling x2  
  58  6:08  Baneling  
  58  6:09  Baneling  
  58  6:11  Drone  
  58  6:13  Drone x3  
  58  6:15  Drone  
  63  6:22  Baneling x2  
  63  6:27  Drone x2  
  63  6:28  Drone x3  
  63  6:29  Hydralisk Den  
  63  6:30  Drone x4  
  63  6:32  Drone  
  72  6:34  Drone  
  72  6:36  Extractor  
  72  6:37  Extractor  
  72  6:38  Drone x2  
  73  6:44  Drone  
  74  6:50  Overseer  
  74  6:51  Overseer x2  
  74  6:56  Overseer  
  74  7:00  Drone x3, Extractor x2  
  76  7:01  Drone  
  76  7:03  Drone x2  
  78  7:12  Drone  
  78  7:13  Drone x2  
  81  7:16  Lurker Den  
  81  7:18  Zergling x8  
  85  7:23  Overlord  
  85  7:25  Zergling x4  
  85  7:27  Evolution Chamber x2  
  85  7:29  Zergling x2  
  86  7:33  Hatchery  
  85  7:42  Baneling x3  
  85  7:43  Baneling x2  
  85  7:44  Baneling  
  86  7:51  Drone  
  86  8:03  Zerg Missile Weapons Level 1  
  86  8:04  Zerg Ground Armor Level 1  
  86  8:07  Overlord x3  
  86  8:08  Overlord  
  86  8:09  Overlord x2  
  86  8:10  Overlord x2  
  86  8:11  Overlord x2  
  86  8:14  Overlord  
  86  8:32  Hydralisk x4  
  94  8:34  Hydralisk  
  94  8:35  Hydralisk x3  
  94  8:37  Hydralisk x2  
  94  8:38  Hatchery  
  94  8:39  Pneumatized Carapace  
  94  8:40  Hydralisk  
  107  8:44  Hydralisk  
  107  8:46  Hydralisk  
  107  8:48  Hydralisk  
  113  8:51  Hydralisk  
  115  8:58  Hydralisk x2  
  115  9:02  Hydralisk  
  121  9:10  Hydralisk  
  121  9:11  Hydralisk  
  121  9:12  Hydralisk  
  121  9:14  Hydralisk  
  121  9:15  Hydralisk  
  121  9:16  Hydralisk  
  133  9:21  Hydralisk  
  135  9:24  Centrifical Hooks  
  135  9:26  Hydralisk  
  135  9:30  Hydralisk  
  139  9:34  Extractor  
  139  9:35  Hydralisk  
  139  9:38  Extractor  
  135  9:48  Lurker x2  
  135  9:51  Drone  
  138  9:58  Lurker  
  138  9:59  Lurker  
  140  10:03  Drone, Queen  
  143  10:14  Lurker x2  
  144  10:16  Lurker  
  145  10:24  Lurker  
  145  10:27  Lurker  
  147  10:40  Lurker x2  
  149  10:48  Baneling x5  
  149  10:49  Baneling  
  149  10:53  Hydralisk  
  151  11:08  Hydralisk  
  149  11:20  Lurker x4  
  149  11:21  Lurker x2  
  149  11:23  Zergling x4  
  149  11:24  Zergling x2  
  158  11:27  Drone  
  154  11:47  Hydralisk  
  154  11:48  Hydralisk x4  
  154  11:50  Hatchery  
  154  11:53  Hydralisk x2  
  167  12:04  Roach Warren  
  167  12:07  Drone  
  167  12:09  Drone, Infestation Pit  
  150  12:25  Hydralisk x2  
  154  12:30  Hydralisk x2  
  154  12:31  Hydralisk x2  
  154  12:35  Hydralisk x4  
  170  12:41  Hydralisk  
  170  12:42  Hydralisk  
  170  12:43  Hydralisk  
  176  12:45  Queen  
  176  12:46  Hydralisk  
  176  12:47  Hydralisk  
  176  12:48  Hydralisk  
  176  12:49  Hydralisk  
  168  12:59  Hydralisk  
  168  13:00  Hydralisk x2  
  168  13:02  Hydralisk  
  176  13:06  Spore Crawler  
  176  13:07  Spore Crawler x2  
  176  13:10  Spore Crawler  
  176  13:12  Spore Crawler  
Show
View Real Time Build Order
Export as new Build Order

zelderan Zerg 

Build Orders: Hatch First, Lurkers 

Get SALT Encoding   

  12  0:01  Drone  
  13  0:12  Overlord  
  13  0:19  Drone  
  14  0:35  Drone x3  
  17  0:48  Drone  
  18  0:56  Hatchery  
  17  1:10  Spawning Pool  
  16  1:12  Extractor  
  16  1:15  Drone  
  16  1:19  Drone  
  16  1:23  Drone  
  17  1:42  Drone x2  
  19  1:50  Overlord  
  19  1:56  Queen  
  19  2:01  Zergling x2  
  22  2:09  Queen  
  22  2:10  Drone  
  22  2:14  Drone  
  26  2:26  Drone  
  26  2:27  Drone  
  28  2:32  Queen  
  28  2:35  Metabolic Boost  
  30  2:37  Drone  
  30  2:40  Drone  
  32  3:02  Zergling x6  
  35  3:09  Spine Crawler  
  34  3:15  Zergling x6  
  35  3:39  Lair  
  35  3:40  Drone, Extractor  
  35  3:42  Drone  
  35  3:44  Overlord x3  
  36  4:02  Queen  
  38  4:06  Zergling x12  
  35  4:18  Zergling x12  
  41  4:27  Baneling Nest  
  40  4:32  Zergling x4  
  42  4:44  Zergling x10  
  47  4:47  Queen  
  47  4:49  Roach Warren  
  39  5:09  Zergling x2  
  39  5:10  Zergling x8  
  41  5:22  Baneling x4  
  41  5:25  Zergling x2  
  41  5:26  Zergling x8  
  45  5:47  Roach x2  
  45  5:48  Roach  
  51  5:56  Hatchery  
  50  6:04  Queen  
  50  6:05  Drone  
  50  6:06  Drone x3  
  56  6:23  Drone x3  
  59  6:25  Overlord x2  
  59  6:39  Overlord  
  59  6:40  Overlord x2  
  59  6:49  Drone  
  59  6:50  Drone x2  
  59  6:51  Centrifical Hooks  
  62  6:54  Zergling x2  
  62  7:01  Drone x2  
  65  7:11  Drone  
  65  7:13  Roach x4  
  74  7:20  Baneling x4  
  74  7:23  Roach x2  
  74  7:25  Overseer  
  78  7:30  Overseer  
  78  7:47  Drone x4  
  78  7:48  Overlord x2, Extractor  
  81  7:58  Roach  
  81  7:59  Roach x5  
  93  8:25  Roach x4  
  101  8:27  Drone x3  
  101  8:28  Drone  
  101  8:29  Drone x2  
  107  8:55  Glial Reconstitution  
  107  9:01  Extractor x2  
  105  9:24  Drone  
  105  9:25  Drone x4  
  105  9:28  Drone  
  105  9:29  Drone x2  
  105  9:30  Overlord x5  
  113  9:31  Hatchery  
  110  9:46  Zergling x6  
  113  10:06  Evolution Chamber  
  112  10:09  Hydralisk Den  
  111  10:17  Roach x6  
  111  10:18  Roach x11  
  111  10:19  Roach x4  
  153  10:54  Ravager x7  
  151  11:20  Overseer x2  
  151  11:23  Hydralisk x2  
  151  11:24  Hydralisk x2  
  159  11:32  Lurker Den  
  159  11:37  Overseer x3  
  159  12:00  Overlord x5  
  159  12:01  Overlord  
  133  12:18  Roach x3  
  133  12:19  Hydralisk x6, Roach x3  
  148  12:34  Hydralisk x7  
  149  13:03  Lurker x4  
Tags
 
Add a new tag
Caveats
  • Supply blocks, unpowered buildings, or Contaminate may cause inaccurate times.
  • Supply counts are checked every 10 seconds.